 Dungeon Crawl Stone Soup version 0.30.0-29-ga12c61a403 (webtiles) character file.

Game seed: 10676834412086174027

87665 xelgaze the Blocker (level 15, -6/183 HPs)
             Began as a Gnoll Fighter on June 19, 2023.
             Was the Champion of Dithmenos.
             Succumbed to a swamp dragon's poison gas
             ... on level 1 of the Swamp.
             The game lasted 03:53:15 (22775 turns).

xelgaze the Blocker (Gnoll Fighter)                Turns: 22775, Time: 03:53:17

Health: -6/183     AC: 24    Str: 15 (16) XL:     15   Next: 91%
Magic:  15/29      EV: 20    Int: 13 (14) God:    Dithmenos [******]
Gold:   1072       SH:  0    Dex: 10 (17) Spells: 1/35 levels left

rFire   + + .        q - +3 lajatang (vamp)
rCold   . . .        (shield currently unavailable)
rNeg    . . .        d - +5 steam dragon scales
rPois   .            (helmet restricted)
rElec   .            F - +2 cloak {Stlth+}
rCorr   .            J - +1 pair of gloves
SInv    .            X - +2 pair of boots
Will    +....        g - amulet of regeneration Stlth
                     m - ring of the Frog {Fly rF+ Int+5 Stlth+}
HPRegen 1.30/turn    S - +5 ring of evasion
MPRegen 0.21/turn

%: random rage (3%)
@: berserking (expiring), lethally poisoned (-6 -> -109), flying, wreathed by
umbra, very quick
A: fangs 1, strong nose, distributed training, horns 1, iridescent scales 1,
berserk 1, deterioration 1, fire resistance 1, wild magic 1
a: Renounce Religion, Shadow Step, Shadow Form


You were on level 1 of the Swamp.
You worshipped Dithmenos.
Dithmenos was exalted by your worship.
You visited 5 branches of the dungeon, and saw 20 of its levels.
You also visited: Bailey.

You collected 1244 gold pieces.
You spent 172 gold pieces at shops.

Inventory:

Hand Weapons
 q - a +3 vampiric lajatang (weapon)
 r - a +1 flail of protection
 u - a +0 arbalest
 v - a +1 dagger of speed
 E - a +1 war axe of venom
 M - a +2 antimagic morningstar
 W - the +9 longbow "Akasaiza" {antimagic, Fragile rF++ rC+++ Dex-2}
   (You found it on level 5 of the Lair of Beasts)

   Dex:       It affects your dexterity (-2).
   rF:        It greatly protects you from fire.
   rC:        It renders you almost immune to cold.
   Fragile:   It will be destroyed if unequipped.
Missiles
 j - 3 atropa-tipped darts
 k - 27 poisoned darts
 p - 5 curare-tipped darts
 y - 3 boomerangs
 L - 19 javelins
Armour
 d - +5 steam dragon scales (worn)
 f - a scarf of shadows
 F - a +2 cloak of stealth (worn)
 J - a +1 pair of gloves (worn)
 T - a scarf of invisibility
 X - a +2 pair of boots (worn)
Jewellery
 a - a ring of protection from fire
 g - an amulet of regeneration (around neck)
 i - a ring of protection from cold
 m - the ring of the Frog (left hand) {Fly rF+ Int+5 Stlth+}
   (You found it on level 2 of the Dungeon)

   [ring of flight]

   Int:       It affects your intelligence (+5).
   rF:        It protects you from fire.
   Fly:       It grants you flight.
   Stlth:     It makes you more stealthy.
 N - a ring of wizardry
 S - a +5 ring of evasion (right hand)
Wands
 e - a wand of paralysis (7)
 Z - a wand of polymorph (4)
Scrolls
 c - 3 scrolls of magic mapping
 h - 4 scrolls of blinking
 n - 7 scrolls of enchant weapon
 o - 4 scrolls of poison
 x - a scroll of vulnerability
 C - a scroll of fear
 D - a scroll of summoning {unknown}
 I - 5 scrolls of fog
 K - 3 scrolls of teleportation
 R - a scroll of amnesia {unknown}
 Y - 2 scrolls of torment
Potions
 b - 2 potions of haste
 l - 3 potions of magic
 s - a potion of lignification
 t - 3 potions of curing (quivered)
 w - a potion of berserk rage
 z - 3 potions of resistance
 A - 3 potions of brilliance
 B - 3 potions of cancellation
 G - 2 potions of flight {unknown}
 H - a potion of invisibility {unknown}
 O - 2 potions of heal wounds
 P - 2 potions of degeneration
 V - a potion of might
Miscellaneous
 Q - a lightning rod (1/4)
 U - a phial of floods


   Skills:
 + Level 12.5 Fighting
 + Level 10.8 Short Blades
 + Level 10.8 Long Blades
 + Level 10.8 Axes
 + Level 11.7 Maces & Flails
 + Level 10.8 Polearms
 + Level 10.8 Staves
 + Level 10.8 Ranged Weapons
 + Level 10.8 Throwing
 + Level 12.5 Armour
 + Level 10.8 Dodging
 + Level 10.8 Stealth
 + Level 12.5 Shields
 + Level 10.8 Unarmed Combat
 + Level 10.8 Spellcasting
 + Level 9.1 Conjurations
 + Level 9.1 Hexes
 + Level 9.1 Summonings
 + Level 9.1 Necromancy
 + Level 9.1 Translocations
 + Level 9.1 Transmutations
 + Level 9.1 Fire Magic
 + Level 9.1 Ice Magic
 + Level 9.1 Air Magic
 + Level 9.1 Earth Magic
 + Level 9.1 Poison Magic
 + Level 11.7 Invocations
 + Level 10.8 Evocations


You had one spell level left.
You knew the following spells:

 Your Spells              Type           Power      Damage    Failure   Level
a - Inner Flame           Hex/Fire       40%        N/A       1%          3
b - Necrotise             Necr           100%       1d9       1%          1
c - Summon Small Mammal   Summ           100%       N/A       1%          1
d - Ignite Poison         Fire/Tmut/Pois 40%        N/A       1%          3
e - Vhi's Electric Charg  Tloc/Air       80%        N/A       1%          3
f - Vampiric Draining     Necr           40%        2d8       1%          3
g - Agony                 Necr           40%        N/A       11%         5
h - Fireball              Conj/Fire      20%        3d10      11%         5
i - Sticky Flame          Conj/Fire      40%        2d6       4%          4
j - Blink                 Tloc           80%        N/A       1%          2
k - Manifold Assault      Tloc           40%        N/A       4%          4

Your spell library contained the following spells:

 Spells                   Type           Power      Damage    Failure   Level
 Apportation              Tloc           80%        N/A       1%          1
 Foxfire                  Conj/Fire      100%       2x1d9     1%          1
 Flame Wave               Conj/Fire      40%        2d11      4%          4
 Arcjolt                  Conj/Air       20%        1d30      11%         5
 Plasma Beam              Fire/Air       20%        2x1d35    45%         6
 Starburst                Conj/Fire      20%        6d7       45%         6
 Storm Form               Tmut/Air       20%        N/A       94%         7
 Ignition                 Fire           20%        3d7       100%        8
 Maxwell's Capacitive Co  Air            20%        ∞         100%        8


Dungeon Overview and Level Annotations

Branches:
Dungeon (11/15)            Temple (1/1) D:6            Lair (5/5) D:9
  Swamp (1/4) Lair:2       Spider (2/4) Lair:2        Slime (0/5) Lair:5
 Bailey (visited)
    Orc: D:9-12

Altars:
Ashenzari
Cheibriados
Dithmenos
Elyvilon
Fedhas
Gozag
Hepliaklqana
Kikubaaqudgha
Makhleb
Nemelex Xobeh
Okawaru
Qazlal
Ru
Sif Muna
Trog
Uskayaw
Vehumet
Wu Jian
Xom
Yredelemnul
Zin
The Shining One
Jiyva

Shops:
D:4 *   D:5 *   D:6 *   D:10 [


Innate Abilities, Weirdness & Mutations

You have very sharp teeth.
Your uncanny sense of smell can sniff out nearby items.
Your experience applies equally to all skills.
You have a pair of small horns on your head.
You are partially covered in iridescent scales. (AC +2)
You sometimes lose your temper in combat.
Your body sometimes deteriorates upon taking damage.
Your flesh is heat resistant. (rF+)
Your spells are a little harder to cast, but a little more powerful.


Message History

You hack one of the six-headed hydra's heads off!
The five-headed hydra grows two more!
You slash the seven-headed hydra!
You feel better.
Your headbutt misses the seven-headed hydra.
The seven-headed hydra is moderately wounded.
You are engulfed in poison gas.
You are more poisoned.
* * * LOW HITPOINT WARNING * * *
You feel extremely sick.
The seven-headed hydra completely misses you.
The seven-headed hydra closely misses you.
The seven-headed hydra misses you.
The seven-headed hydra closely misses you.
The seven-headed hydra bites you!
* * * LOW HITPOINT WARNING * * *
The seven-headed hydra bites you but does no damage.
The seven-headed hydra completely misses you.
You slice one of the seven-headed hydra's heads off!
The six-headed hydra grows two more!
You slash the eight-headed hydra!
The eight-headed hydra is moderately wounded.
You are engulfed in poison gas.
You are more poisoned.
* * * LOW HITPOINT WARNING * * *
x2 You feel extremely sick.
The swamp dragon breathes poison at you.
The blast of poison engulfs you but does no damage.
You are more poisoned.
The seven-headed hydra bites you but does no damage.
The seven-headed hydra closely misses you. x2
The seven-headed hydra bites you!
* * * LOW HITPOINT WARNING * * *
The seven-headed hydra barely misses you. x2
The seven-headed hydra closely misses you.
You slash the swamp dragon!
You feel better.
The swamp dragon is moderately wounded.
Your shadow hits the swamp dragon with a lajatang.
You are engulfed in poison gas.
You are more poisoned.
* * * LOW HITPOINT WARNING * * *
You die...

♣.~..♣ ♣♣♣♣♣.♣.♣.♣ ♣.~~♣♣
.~♣♣♣.♣. ♣♣♣.§.♣ ~.♣
♣.♣.♣ ♣♣~~♣♣♣♣♣ ♣♣~
♣.♣.♣♣ ♣♣~~~.♣♣.♣♣ ♣♣~
♣.♣.♣ ♣ ♣.~~~~.~.~♣ ♣.~~
♣♣.♣ ♣. ♣♣~~~~§§☼°♣♣..~♣
♣.♣ ♣.♣
♣...○○°☼°○..~~~♣~♣ ♣♣
♣.♣...°D@☼○~°.~~~.♣ ..
~.~~..○DD☼§○☼.~~~ .♣..
~.♣~~.°D§○~☼○.~.§ ♣.♣..
...~♣.~......~.... ♣♣...
♣≈♣≈~~~~~.♣...~~~~.~
♣.♣.♣
≈≈♣≈~~♣†≈~♣.~.~~~..♣ ♣~♣.
.............≈~~~~~.♣♣.§.
~.~.#~#≈#♣.≈♣~~~~~.~~.~.[
.~..○.♣.~ ~♣~..~~~~..~.~~


You could see an eight-headed hydra, a seven-headed hydra and 2 swamp dragons.

Vanquished Creatures
  A tentacled monstrosity (Swamp:1)
  Agnes (Spider:1)
  A thorn hunter (Swamp:1)
  A broodmother (Spider:1)
  An eleionoma (Swamp:1)
  5 dire elephants
  A minotaur (Lair:3)
  The ghost of Xyudeake the Devastator, a journeyman DEFE of Vehumet (Lair:4)
  An entropy weaver (Spider:1)
  A jorogumo (Spider:1)
  A hydra (Swamp:1)
  3 radroaches
  14 death yaks
  A boulder beetle (Lair:5)
  A two-headed ogre (D:11)
  A spectral dire elephant (Lair:5)
  A spriggan (Swamp:1)
  Nergalle (D:10)
  A spectral anaconda (Lair:5)
  3 sun moths (Spider:1)
  4 bog bodies
  An obsidian statue (Lair:5)
  3 orb spiders
  5 lindwurms
  A swamp dragon (Swamp:1)
  3 steelbarb worms
  9 wolf spiders
  Pikel (D:7)
  3 necromancers (Lair:5)
  A moth of wrath (Spider:1)
  2 black mambas
  A torpor snail (Lair:3)
  8 demonic crawlers
  9 elephants
  14 cane toads
  A dire elephant skeleton (Lair:5)
  3 kobold demonologists (D:10)
  4 rime drakes
  12 komodo dragons
  A queen bee (Lair:2)
  2 trolls (D:9)
  2 polar bears (Lair:1)
  4 tyrant leeches (Swamp:1)
  3 hornets
  13 blink frogs
  7 tarantellas
  Prince Ribbit (D:8)
  17 dream sheep
  5 culicivoras
  5 jumping spiders
  2 shadows
  2 wyverns
  2 wraiths
  34 yaks
  A dire elephant simulacrum (Lair:5)
  The ghost of rddays123 the Caller, an amateur FeSu (D:5)
  4 basilisks
  11 redbacks
  A steam dragon (D:6)
  A death yak simulacrum (Lair:5)
  9 vampire mosquitoes
  Menkaure (D:5)
  A spectral cane toad (Lair:5)
  4 swamp worms
  An acid dragon (D:8)
  17 water moccasins
  5 ice beasts
  15 orc warriors
  2 black bears
  16 wolves
  16 centaurs
  2 elephant skeletons (Lair:5)
  A phantom (D:6)
  A lemure (D:7)
  7 bullfrogs
  2 gnoll sergeants
  4 kobold brigands (D:10)
  3 scorpions
  A cane toad simulacrum (Lair:5)
  5 wights (D:8)
  34 killer bees
  An elephant simulacrum (Lair:5)
  8 electric eels
  9 howler monkeys
  5 orc priests
  7 hounds
  8 jellies
  A gnoll bouda (D:8)
  3 iguanas (D:7)
  8 orc wizards
  4 sleepcaps
  8 adders
  18 gnolls
  A shadow imp (D:7)
  A white imp (D:7)
  2 ufetubi (D:4)
  3 worms
  2 dart slugs
  50 orcs
  5 bats
  5 endoplasms
  5 giant cockroaches
  6 goblins
  8 hobgoblins
  4 jackals (D:1)
  3 quokkas
  10 ball pythons
  3 frilled lizards
  6 kobolds
  10 rats
596 creatures vanquished.

Vanquished Creatures (others)
  2 orcs (D:9)
2 creatures vanquished.

Grand Total: 598 creatures vanquished

Notes
Turn   | Place    | Note
-------+----------+-------------------------------------------
     0 | D:1      | xelgaze the Gnoll Fighter began the quest for the Orb.
     0 | D:1      | Reached XP level 1. HP: 23/23 MP: 1/1
   131 | D:1      | Reached XP level 2. HP: 29/29 MP: 2/2
   578 | D:1      | Reached XP level 3. HP: 35/35 MP: 3/3
   916 | D:2      | Reached skill level 1 in Invocations
   964 | D:2      | Identified the ring of the Frog {Fly rF+ Int+5 Stlth+}
  1034 | D:2      | Reached skill level 1 in Short Blades
  1034 | D:2      | Reached skill level 1 in Long Blades
  1034 | D:2      | Reached skill level 1 in Axes
  1034 | D:2      | Reached skill level 1 in Polearms
  1034 | D:2      | Reached skill level 1 in Staves
  1034 | D:2      | Reached skill level 1 in Ranged Weapons
  1034 | D:2      | Reached skill level 1 in Throwing
  1034 | D:2      | Reached skill level 1 in Dodging
  1034 | D:2      | Reached skill level 1 in Stealth
  1034 | D:2      | Reached skill level 1 in Unarmed Combat
  1034 | D:2      | Reached skill level 1 in Spellcasting
  1034 | D:2      | Reached skill level 1 in Evocations
  1053 | D:2      | Reached XP level 4. HP: 41/41 MP: 5/5
  1093 | D:2      | Reached skill level 1 in Conjurations
  1093 | D:2      | Reached skill level 1 in Hexes
  1093 | D:2      | Reached skill level 1 in Summonings
  1093 | D:2      | Reached skill level 1 in Necromancy
  1093 | D:2      | Reached skill level 1 in Translocations
  1093 | D:2      | Reached skill level 1 in Transmutations
  1093 | D:2      | Reached skill level 1 in Fire Magic
  1093 | D:2      | Reached skill level 1 in Ice Magic
  1093 | D:2      | Reached skill level 1 in Air Magic
  1093 | D:2      | Reached skill level 1 in Earth Magic
  1093 | D:2      | Reached skill level 1 in Poison Magic
  1615 | D:2      | Reached XP level 5. HP: 47/47 MP: 5/7
  1933 | D:3      | Found a hide-covered altar of Uskayaw.
  2003 | D:3      | Found a bloodstained altar of Trog.
  2030 | D:3      | Reached XP level 6. HP: 53/53 MP: 8/8
  2070 | D:2      | Gained mutation: Your body sometimes deteriorates upon
                  | taking damage. [potion of mutation]
  2070 | D:2      | Gained mutation: Armour fits poorly on your strangely
                  | shaped body. [potion of mutation]
  2070 | D:2      | Gained mutation: You have a pair of small horns on your
                  | head. [potion of mutation]
  2074 | D:2      | Reached skill level 5 in Maces & Flails
  2687 | D:4      | Found a radiant altar of Vehumet.
  2714 | D:4      | Found a hazy altar of Hepliaklqana.
  2864 | D:4      | Found Raikhlora's Assorted Antiques.
  2869 | D:4      | Bought a glowing cloak for 172 gold pieces
  3493 | D:5      | Entered Level 5 of the Dungeon
  3584 | D:5      | Noticed an ice beast
  3705 | D:5      | Reached XP level 7. HP: 60/60 MP: 10/10
  3751 | D:5      | Found Kessa's Neck Hole.
  4290 | D:5      | Lost mutation: Your body sometimes deteriorates upon taking
                  | damage. [potion of mutation]
  4290 | D:5      | Lost mutation: Armour fits poorly on your strangely shaped
                  | body. [potion of mutation]
  4290 | D:5      | Gained mutation: Your spells are a little harder to cast,
                  | but a little more powerful. [potion of mutation]
  4290 | D:5      | Gained mutation: You are partially covered in iridescent
                  | scales. (AC +2) [potion of mutation]
  4290 | D:5      | Gained mutation: You sometimes lose your temper in combat.
                  | [potion of mutation]
  4290 | D:5      | Gained mutation: Your flesh is heat resistant. (rF+)
                  | [potion of mutation]
  4472 | D:5      | Noticed Menkaure
  4488 | D:5      | Killed Menkaure
  4544 | D:5      | Reached XP level 8. HP: 67/67 MP: 12/12
  4629 | D:5      | Found a runed translucent gate.
  4630 | D:5      | Found a runed translucent gate.
  4632 | D:5      | Found a runed translucent gate.
  4633 | D:5      | Noticed rddays123's ghost (amateur FeSu)
  4637 | D:5      | Identified the +1 chain mail of Uheloven {Rampage Int+6}
  4762 | D:6      | Found a staircase to the Ecumenical Temple.
  4842 | Temple   | Entered the Ecumenical Temple
  5046 | Temple   | Became a worshipper of Dithmenos the Shadowed
  5087 | D:6      | Found Xoafiah's Fire Supplies.
  5448 | D:6      | Learned a level 3 spell: Inner Flame
  5721 | D:7      | Reached XP level 9. HP: 73/73 MP: 14/14
  5757 | D:7      | Found a shimmering blue altar of Sif Muna.
  5757 | D:7      | Found a glowing golden altar of the Shining One.
  5758 | D:7      | Found an iron altar of Okawaru.
  5803 | D:7      | Noticed Pikel
  5827 | D:7      | Killed Pikel
  5873 | D:7      | Found an opulent altar of Gozag.
  5899 | D:7      | Found a flagged portal.
  5943 | Bailey   | Entered a bailey
  5967 | Bailey   | Reached skill level 5 in Invocations
  5973 | Bailey   | Reached * piety under Dithmenos
  6228 | Bailey   | Reached skill level 5 in Short Blades
  6228 | Bailey   | Reached skill level 5 in Long Blades
  6228 | Bailey   | Reached skill level 5 in Axes
  6228 | Bailey   | Reached skill level 5 in Polearms
  6228 | Bailey   | Reached skill level 5 in Staves
  6228 | Bailey   | Reached skill level 5 in Ranged Weapons
  6228 | Bailey   | Reached skill level 5 in Throwing
  6228 | Bailey   | Reached skill level 5 in Dodging
  6228 | Bailey   | Reached skill level 5 in Stealth
  6228 | Bailey   | Reached skill level 5 in Unarmed Combat
  6228 | Bailey   | Reached skill level 5 in Spellcasting
  6228 | Bailey   | Reached skill level 5 in Evocations
  6228 | Bailey   | Reached XP level 10. HP: 81/81 MP: 17/17
  6256 | Bailey   | Learned a level 1 spell: Necrotise
  6258 | Bailey   | Learned a level 1 spell: Summon Small Mammal
  6660 | Bailey   | Reached ** piety under Dithmenos
  7180 | D:7      | Identified the staff of earth "Saqydul" {rC+ rCorr Str+3
                  | Dex-3}
  7572 | D:8      | Noticed Prince Ribbit
  7596 | D:8      | Killed Prince Ribbit
  7888 | D:8      | Found a blossoming altar of Fedhas.
  8007 | D:8      | Found a sacrificial altar of Ru.
  8234 | D:9      | Learned a level 3 spell: Ignite Poison
  8287 | D:9      | Reached skill level 5 in Conjurations
  8287 | D:9      | Reached skill level 5 in Hexes
  8287 | D:9      | Reached skill level 5 in Summonings
  8287 | D:9      | Reached skill level 5 in Necromancy
  8287 | D:9      | Reached skill level 5 in Translocations
  8287 | D:9      | Reached skill level 5 in Transmutations
  8287 | D:9      | Reached skill level 5 in Fire Magic
  8287 | D:9      | Reached skill level 5 in Ice Magic
  8287 | D:9      | Reached skill level 5 in Air Magic
  8287 | D:9      | Reached skill level 5 in Earth Magic
  8287 | D:9      | Reached skill level 5 in Poison Magic
  8300 | D:9      | Reached XP level 11. HP: 77/89 MP: 18/20
  8314 | D:9      | Reached *** piety under Dithmenos
  8539 | D:9      | Found a staircase to the Lair.
  8599 | D:9      | Identified the +2 helmet "Taip" {Harm rF+ Int+2}
  8684 | D:9      | Found a broken altar of Ashenzari.
  9148 | D:5      | Killed rddays123's ghost
  9167 | D:5      | Reached **** piety under Dithmenos
 10344 | D:10     | Entered Level 10 of the Dungeon
 10568 | D:10     | Noticed Nergalle
 10601 | D:10     | HP: 3/61 [Nergalle/bolt of negative energy (12)]
 10649 | D:10     | Killed Nergalle
 10924 | D:10     | Noticed a sixfirhy
 11220 | D:10     | Found Fuquigg's Armour Shop.
 11406 | D:11     | Noticed a two-headed ogre
 11412 | D:11     | Killed a two-headed ogre
 11413 | D:11     | Reached XP level 12. HP: 97/97 MP: 22/22
 11589 | D:11     | Noticed a tengu warrior
 11698 | Lair:1   | Entered Level 1 of the Lair of Beasts
 12269 | Lair:1   | Reached skill level 10 in Fighting
 12269 | Lair:1   | Reached skill level 10 in Armour
 12269 | Lair:1   | Reached skill level 10 in Shields
 13089 | Lair:2   | You are sucked into a shaft and drop 1 floor!
 13493 | Lair:2   | Reached ***** piety under Dithmenos
 13508 | Lair:2   | Reached XP level 13. HP: 104/104 MP: 25/25
 13845 | Lair:2   | Found a hole to the Spider Nest.
 14377 | Lair:2   | Identified the +4 leather armour of Chill Winds {rElec rF+}
 14425 | Lair:2   | Found a staircase to the Swamp.
 14821 | Lair:3   | Reached skill level 10 in Maces & Flails
 15483 | Lair:4   | Learned a level 3 spell: Vhi's Electric Charge
 15526 | Lair:4   | Noticed Xyudeake's ghost (journeyman DEFE)
 15531 | Lair:4   | Noticed a minotaur
 15540 | Lair:4   | Found a runed translucent gate.
 15540 | Lair:4   | Found a runed translucent gate.
 15582 | Lair:4   | Found a runed translucent gate.
 15628 | Lair:4   | Reached XP level 14. HP: 113/113 MP: 17/27
 15666 | Lair:3   | Reached skill level 10 in Invocations
 15893 | Lair:4   | Reached ****** piety under Dithmenos
 16635 | Lair:4   | Killed Xyudeake's ghost
 16953 | Lair:5   | Entered Level 5 of the Lair of Beasts
 17113 | Lair:5   | Noticed a dire elephant
 17113 | Lair:5   | Noticed a dire elephant
 17116 | Lair:5   | Noticed a dire elephant
 17116 | Lair:5   | Noticed a dire elephant
 17116 | Lair:5   | Noticed a dire elephant
 17145 | Lair:5   | Killed a dire elephant
 17440 | Lair:5   | Identified the +9 longbow "Akasaiza" {antimagic, Fragile
                  | rF++ rC+++ Dex-2}
 17595 | Lair:5   | Learned a level 3 spell: Vampiric Draining
 17719 | Lair:5   | Learned a level 5 spell: Agony
 17725 | Lair:5   | Learned a level 5 spell: Fireball
 18044 | Lair:4   | Killed a dire elephant
 18057 | Lair:5   | Killed a dire elephant
 18238 | Lair:5   | Reached skill level 10 in Short Blades
 18238 | Lair:5   | Reached skill level 10 in Long Blades
 18238 | Lair:5   | Reached skill level 10 in Axes
 18238 | Lair:5   | Reached skill level 10 in Polearms
 18238 | Lair:5   | Reached skill level 10 in Staves
 18238 | Lair:5   | Reached skill level 10 in Ranged Weapons
 18238 | Lair:5   | Reached skill level 10 in Throwing
 18238 | Lair:5   | Reached skill level 10 in Dodging
 18238 | Lair:5   | Reached skill level 10 in Stealth
 18238 | Lair:5   | Reached skill level 10 in Unarmed Combat
 18238 | Lair:5   | Reached skill level 10 in Spellcasting
 18238 | Lair:5   | Reached skill level 10 in Evocations
 18328 | Lair:5   | Killed a dire elephant
 18364 | Lair:5   | Killed a dire elephant
 18573 | Lair:5   | Found a staircase to the Slime Pits.
 18608 | Lair:5   | Reached XP level 15. HP: 120/120 MP: 29/29
 18612 | Lair:5   | Found a viscous altar of Jiyva.
 19154 | Spider:1 | Entered Level 1 of the Spider Nest
 19458 | Spider:1 | Gained mutation: Your body sometimes deteriorates upon
                  | taking damage. [mutagenic glow]
 19559 | Spider:1 | Identified the ring "Onum" {Fire rElec Str-3 Int+8 Dex-5}
 20039 | Spider:1 | Paralysed by a jorogumo for 1 turns
 20113 | Spider:1 | Noticed Agnes
 20170 | Spider:1 | Killed Agnes
 21428 | Spider:1 | Learned a level 4 spell: Sticky Flame
 22068 | Swamp:1  | Entered Level 1 of the Swamp
 22112 | Swamp:1  | Noticed a tentacled monstrosity
 22255 | Swamp:1  | Killed a tentacled monstrosity
 22276 | Swamp:1  | Noticed a thorn hunter
 22283 | Swamp:1  | Killed a thorn hunter
 22459 | Swamp:1  | Learned a level 2 spell: Blink
 22464 | Swamp:1  | Learned a level 4 spell: Manifold Assault
 22775 | Swamp:1  | HP: 9/183 [swamp dragon] (3)]
 22775 | Swamp:1  | Succumbed to a swamp dragon's poison gas

Illustrated notes

Levels and vault maps discovered:
D:1:      amcnicky_arrival_gap_in_the_tavern_cellar, layout_basic
D:2:      layout_loops_ring, minivault_26
D:3:      layout_rooms, nicolae_uskayaw_dance_hall,
          nicolae_overflow_crystal_walls
D:4:      layout_basic, mainiacjoe_overflow_catwalk_spiral, serial_shops, shop,
          lightli_corner_chamber
D:5:      layout_loops_corners, biasface_ghost_orc_armoury,
          nicolae_shop_sticking_my_neck_out, uniq_menkaure
D:6:      layout_rooms, minmay_temple_entry_mini_moons, eino_tiny_chamber,
          nicolae_shop_fire_sale [nicolae_sub_dead_trees]
D:7:      layout_rooms, marbit_many_paths, gammafunk_temple_overflow_forgotten,
          enter_bailey_5, uniq_pikel
D:8:      layout_rooms, fedhas_altar_fruit_tree, lemuel_round_altar,
          hangedman_decor_riveting, uniq_prince_ribbit1
D:9:      layout_roguey, nicolae_ashenzari_skybound, erik_lair_island
D:10:     layout_basic, serial_shops, nicolae_shop_back_alley_shop,
          uniq_nergalle
D:11:     nzn_winding_woodlands_huge [nzn_winding_woodlands_5x15_garden,
          nzn_winding_woodlands_5x15_longhouse, nzn_winding_woodlands_5x15_pool,
          nzn_winding_woodlands_5x15_sawtooth,
          nzn_winding_woodlands_5x15_pathside_ponds,
          nzn_winding_woodlands_5x15_eye,
          nzn_winding_woodlands_5x15_lazy_stream,
          nzn_winding_woodlands_5x15_sidewinder,
          nzn_winding_woodlands_5x15_cabin, nzn_winding_woodlands_5x15_pockets,
          nzn_winding_woodlands_center_lodge,
          nzn_winding_woodlands_center_triple_pond,
          nzn_winding_woodlands_15x15_killbox], layout_irregular_city,
          orc_0_dummy, small_chamber_with_monster
Temple:   minmay_temple_curvy_loop
Lair:1:   layout_cave_pods
Lair:2:   layout_roguey [special_room_bee], nicolae_swamp_entry_splash_gauntlet,
          nicolae_spider_entry_orb_guardian, minmay_lindwurm_lava
Lair:3:   layout_long_grid, beast_lair_carwin_7
Lair:4:   layout_concentric_octagons, maelrawn_ghost_gauntlet_escape,
          serial_bayou_lagoon_b
Lair:5:   due_jungle_book, layout_regular_city, nicolae_slime_entry_slimehenge,
          minivault_24
Swamp:1:  layout_basic_swamp, nicolae_swamp_dense_foliage, swamp_pool4,
          st_swamp_ruins_3
Spider:1: layout_chambers, nicolae_spider_solar_radiation, uniq_agnes
Spider:2: layout_spider_delve, hangedman_spider_tarantella_strand

Skill      XL: |  1  2  3  4  5  6  7  8  9 10 11 12 13 14 15 |
---------------+----------------------------------------------+-----
Invocations    | 1 2 3 4 5 6 7 8 9 10 11 | 11.7
Short Blades   | 1 2 3 5 6 7 8 9 10 | 10.8
Long Blades    | 1 2 3 5 6 7 8 9 10 | 10.8
Axes           | 1 2 3 5 6 7 8 9 10 | 10.8
Polearms       | 1 2 3 5 6 7 8 9 10 | 10.8
Staves         | 1 2 3 5 6 7 8 9 10 | 10.8
Ranged Weapons | 1 2 3 5 6 7 8 9 10 | 10.8
Throwing       | 1 2 3 5 6 7 8 9 10 | 10.8
Dodging        | 1 2 3 5 6 7 8 9 10 | 10.8
Stealth        | 1 2 3 5 6 7 8 9 10 | 10.8
Unarmed Combat | 1 2 3 5 6 7 8 9 10 | 10.8
Spellcasting   | 1 2 3 5 6 7 8 9 10 | 10.8
Evocations     | 1 2 3 5 6 7 8 9 10 | 10.8
Conjurations   | 1 2 3 4 5 6 7 8 9 |  9.1
Hexes          | 1 2 3 4 5 6 7 8 9 |  9.1
Summonings     | 1 2 3 4 5 6 7 8 9 |  9.1
Necromancy     | 1 2 3 4 5 6 7 8 9 |  9.1
Translocations | 1 2 3 4 5 6 7 8 9 |  9.1
Transmutations | 1 2 3 4 5 6 7 8 9 |  9.1
Fire Magic     | 1 2 3 4 5 6 7 8 9 |  9.1
Ice Magic      | 1 2 3 4 5 6 7 8 9 |  9.1
Air Magic      | 1 2 3 4 5 6 7 8 9 |  9.1
Earth Magic    | 1 2 3 4 5 6 7 8 9 |  9.1
Poison Magic   | 1 2 3 4 5 6 7 8 9 |  9.1
Maces & Flails | 5 6 7 8 9 10 11 | 11.7
Fighting       | 7 8 9 10 11 12 | 12.5
Armour         | 7 8 9 10 11 12 | 12.5
Shields        | 7 8 9 10 11 12 | 12.5

Action                     |  1- 3 |  4- 6 |  7- 9 | 10-12 | 13-15 || total
---------------------------+-------+-------+-------+-------+-------++-------
  Melee: Flail             |    72 |   186 |   303 |   724 |   988 ||  2273
         Bite              |     5 |    21 |    44 |    95 |   228 ||   393
         Headbutt          |       |    18 |    68 |   209 |   399 ||   694
         Whip              |       |       |    15 |       |       ||    15
         Dagger            |       |       |     9 |    40 |    56 ||   105
         War axe           |       |       |       |     9 |    13 ||    22
         Morningstar       |       |       |       |       |    47 ||    47
         Lajatang          |       |       |       |       |   208 ||   208
  Throw: Javelin           |     9 |    24 |    21 |   109 |   105 ||   268
         Boomerang         |       |    34 |       |       |    12 ||    46
         Dart              |       |       |       |    22 |    38 ||    60
   Cast: Necrotise         |       |       |       |     6 |       ||     6
         Summon Small Mamm |       |       |       |     8 |    16 ||    24
         Ignite Poison     |       |       |       |     6 |     3 ||     9
         Inner Flame       |       |       |       |     1 |    15 ||    16
         Vhi's Electric Ch |       |       |       |       |     6 ||     6
         Vampiric Draining |       |       |       |       |    20 ||    20
         Fireball          |       |       |       |       |    12 ||    12
         Agony             |       |       |       |       |     3 ||     3
         Manifold Assault  |       |       |       |       |    10 ||    10
         Sticky Flame      |       |       |       |       |     4 ||     4
 Invoke: Shadow Step       |       |       |       |     1 |       ||     1
         Shadow Form       |       |       |       |       |     1 ||     1
Ability: Evoke Invisibilit |       |       |       |     1 |       ||     1
  Evoke: Lightning rod     |       |       |       |    11 |     8 ||    19
         Wand              |       |       |       |     5 |     5 ||    10
         Phial of floods   |       |       |       |       |     3 ||     3
    Use: Potion            |       |     1 |     2 |     7 |     5 ||    15
         Scroll            |       |       |     6 |    10 |    17 ||    33
   Stab: Sleeping          |       |     1 |     5 |    18 |    38 ||    62
         Distracted        |       |       |       |       |     2 ||     2
         Invisible         |       |       |       |       |     3 ||     3
 Armour: Scale mail        |    30 |    63 |       |       |       ||    93
         Robe              |       |     3 |    10 |       |       ||    13
         Skin              |       |     1 |       |       |       ||     1
         Steam dragon scal |       |       |   167 |   297 |   589 ||  1053
  Dodge: Dodged            |    30 |    71 |   218 |   795 |  1304 ||  2418
  Block: Buckler           |    22 |    46 |   128 |   342 |   394 ||   932
